 Dungeon Crawl Stone Soup version 0.30-a0-723-gc1506a1 (webtiles) character file.

Game seed: 792798074543579977

7672 milkiemew the Spear-Bearer (level 10, -2/77 HPs)
             Began as a Demonspawn Gladiator on Jan 25, 2023.
             Was an Elder of Okawaru.
             Killed from afar by an electric eel (9 damage)
             ... with a bolt of electricity
             ... in a bailey on Jan 28, 2023.
             The game lasted 00:46:00 (10057 turns).

milkiemew the Spear-Bearer (Demonspawn Gladiator)  Turns: 10057, Time: 00:46:03

Health: -2/77      AC: 19    Str: 20    XL:     10   Next: 99%
Magic:  10/10      EV:  8    Int: 11    God:    Okawaru [****..]
Gold:   389        SH:  6    Dex: 18    Spells: 9/9 levels left

rFire   + . .      SeeInvis .    B - +1 battleaxe (elec)
rCold   . . .      Faith    .    (shield currently unavailable)
rNeg    + . .      Spirit   .    T - +0 plate armour
rPois   +          Reflect  .    c - +1 helmet
rElec   .          Harm     .    (no cloak)
rCorr   .          Rampage  .    s - +2 pair of gloves {hurl}
Will    .....                    v - +0 pair of boots Stlth
                                 (no amulet)
HPRegen 0.32/turn                n - ring of positive energy
MPRegen 0.12/turn                I - ring "Otef" {rPois rF+ Str+2 Dex+4 Slay+6}

@: no status effects
A: hooves 2, large bone plates 2, foul stench 1, powered by death 1
a: Renounce Religion, Heroism, Finesse


You were in a bailey.
You worshipped Okawaru.
Okawaru was greatly pleased with you.
You visited 2 branches of the dungeon, and saw 10 of its levels.
You also visited: Sewer, Ossuary and Bailey.

You collected 389 gold pieces.

Inventory:

Hand Weapons
 d - a +0 flail of draining
 l - a +1 antimagic spear
 q - a +0 glaive of chaos
 r - a +2 vampiric halberd
 u - a +1 short sword of venom
 B - a +1 battleaxe of electrocution (weapon)
 E - a +0 falchion of protection
 H - a +2 hand axe of electrocution
 P - a +0 arbalest
 Q - a +2 scimitar of freezing
 R - a +0 broad axe
 S - a +2 great sword
 V - a +2 hand axe of flaming
Missiles
 e - 3 datura-tipped darts
 w - 34 poisoned darts (quivered)
 D - 4 silver boomerangs
 U - 2 curare-tipped darts
Armour
 a - +0 steam dragon scales
 c - a +1 helmet (worn)
 h - a +2 pair of gloves
 i - a +0 hat of see invisible
 s - a +2 pair of gloves of hurling (worn)
 v - a +0 pair of boots (worn)
 A - a +1 ring mail of poison resistance
 T - a +0 plate armour (worn)
Jewellery
 n - a ring of positive energy (left hand)
 z - a +6 ring of dexterity
 I - the ring "Otef" (right hand) {rPois rF+ Str+2 Dex+4 Slay+6}
   (You found it on level 9 of the Dungeon)

   [ring of protection from fire]

   Str:       It affects your strength (+2).
   Dex:       It affects your dexterity (+4).
   Slay:      It affects your accuracy & damage with ranged weapons and melee
   (+6).
   rF:        It protects you from fire.
   rPois:     It protects you from poison.
Wands
 C - a wand of roots (10)
 G - a wand of mindburst (20)
 L - a wand of light (12)
Scrolls
 b - a scroll of noise
 f - 4 scrolls of magic mapping
 m - 3 scrolls of fear
 y - 5 scrolls of teleportation
Potions
 g - 3 potions of cancellation
 j - 2 potions of mutation
 k - 2 potions of flight
 o - 4 potions of magic
 p - a potion of ambrosia
 t - 2 potions of resistance
 x - 3 potions of attraction
 F - a potion of invisibility {unknown}
 J - a potion of brilliance {unknown}
 K - a potion of degeneration {unknown}
 M - a potion of lignification {unknown}
 N - 3 potions of might
 O - 2 potions of heal wounds


   Skills:
 + Level 6.4 Fighting
 + Level 1.2 Long Blades
 + Level 6.0(8.6) Axes
 + Level 9.6(10.4) Polearms
 + Level 3.8 Throwing
 + Level 5.5 Armour
 + Level 5.1 Dodging
 + Level 2.4 Stealth
 + Level 3.8 Shields


You had 9 spell levels left.
You didn't know any spells.
Your spell library contained the following spells:

 Spells                   Type           Power      Damage    Failure   Level
 Ozocubu's Armour         Ice            0%         N/A       100%        3
 Ozocubu's Refrigeration  Ice            0%         4d7       100%        7


Dungeon Overview and Level Annotations

Branches:
Dungeon (9/15)             Temple (1/1) D:5            Lair (0/5) D:8
  Sewer (visited)         Ossuary (visited)          Bailey (1/1)
    Orc: D:9-12

Altars:
Cheibriados
Dithmenos
Gozag
Hepliaklqana
Kikubaaqudgha
Makhleb
Okawaru
Qazlal
Ru
Sif Muna
Trog
Uskayaw
Vehumet
Wu Jian
Xom
Yredelemnul

Shops:
D:2 [   D:5 (

Annotations:
D:7 3 runed translucent doors, Radamante's ghost, novice MiFi


Innate Abilities, Weirdness & Mutations

You have hoof-like feet.
You are mostly covered in large bone plates. (SH +6)
You may rarely emit foul miasma when damaged in melee.
You regenerate a little health from kills.


Message History

The orc warrior is severely wounded.
The orc warrior hits you but does no damage.
You barely miss the orc warrior.
The orc warrior is severely wounded.
The orc warrior hits you with a +0 war axe!
The orc warrior hits you but does no damage.
You hit the orc warrior.
The orc warrior is almost dead.
The orc warrior hits you but does no damage.
You hit the orc warrior.
You kill the orc warrior!
Okawaru accepts your kill.
Things that are here:
a +0 war axe; a +0 chain mail; an orc corpse You open the door.
There is an open door here.
An electric eel comes into view.
The electric eel shoots out a bolt of lightning at you!
The bolt of electricity hits you but does no damage.
The electric eel shoots out a bolt of lightning at you!
The bolt of electricity hits you. The bolt of electricity misses you.
The electric eel shoots out a bolt of lightning at you!
The bolt of electricity hits you.
The electric eel shoots out a bolt of lightning at you!
The bolt of electricity hits you! The bolt of electricity hits you.
You open the door.
An orc warrior and a goblin come into view.
The goblin shouts!
The electric eel shoots out a bolt of lightning at you!
The bolt of electricity hits you! x2
The electric eel shoots out a bolt of lightning at you!
The bolt of electricity hits you!
* * * LOW HITPOINT WARNING * * *
The orc warrior hits you with a +0 war axe!
* * * LOW HITPOINT WARNING * * *
There is an open door, spattered with blood here.
You hit the orc warrior but do no damage.
The electric eel shoots out a bolt of lightning at you!
The bolt of electricity hits you!
You die...

~~~~~~~~~~~~~~~~~~~~~~~~~~~*
≈≈≈≈≈≈≈≈≈≈≈≈≈≈≈≈≈≈≈≈≈≈~~~~~*
≈≈≈≈≈≈≈≈≈≈≈≈≈≈≈≈≈≈≈≈≈≈~~~~~*
≈≈≈≈≈≈≈≈≈≈≈≈≈≈≈≈≈≈≈≈≈≈~~~~~*
≈≈≈≈≈≈≈≈≈≈≈≈≈≈≈≈≈≈≈≈≈≈~~~~~*
≈≈≈≈≈≈≈≈≈≈≈≈≈S≈≈≈≈≈≈≈~~~~~~*
≈≈≈≈≈≈≈≈≈≈≈≈≈≈≈≈≈≈≈≈~~~~~~~*
###~~~~~~~~~~~~~####**~~~~~*
..'.............@o.#,*~~~~~*
.)###############.g#+*~~~~~*
..'....)#[......#....#~~~~~*
..#....)).8.8.8.#....#≈≈≈≈≈#
#############...######≈≈≈≈≈#
,,+,*,,+,,,,#...)..#.~≈≈≈≈≈#
,,*,*,,*,,,,#...)..#.~≈≈≈≈.######
,,*,+,,*,,,,#####''#.~≈≈≈≈......#
********,,,,*#.....#.~≈≈≈≈......#


You could see an orc warrior, an electric eel and a goblin.

Vanquished Creatures
  Gastronok (D:9)
  2 wraiths (Ossuary)
  A wyvern (D:7)
  11 yaks (D:9)
  2 steam dragons
  Eustachio (D:4)
  An acid dragon (D:8)
  A water moccasin (D:8)
  6 orc warriors
  2 black bears
  3 ice beasts
  The ghost of Radamante the Caller, an amateur MfSu (D:3)
  3 phantoms
  2 centaurs
  5 kobold brigands
  2 gnoll sergeants (D:9)
  14 wights
  4 killer bees (D:8)
  4 howler monkeys
  A jelly (D:8)
  A gnoll bouda (D:7)
  2 hounds (D:5)
  2 orc priests
  5 iguanas
  Natasha (D:4)
  7 orc wizards
  8 adders
  19 gnolls
  A shadow imp (D:6)
  A white imp (D:6)
  2 ufetubi
  An adder zombie (Ossuary)
  2 worms (D:2)
  4 dart slugs
  42 orcs
  6 bats
  8 endoplasms
  8 giant cockroaches
  11 hobgoblins
  11 jackals
  2 quokkas
  17 ball pythons
  11 frilled lizards
  7 goblins
  2 hobgoblin skeletons (Ossuary)
  2 hobgoblin zombies (Ossuary)
  19 kobolds
  2 kobold zombies (Ossuary)
  2 orc skeletons (Ossuary)
  10 rats
283 creatures vanquished.

Vanquished Creatures (others)
  10 plants (Sewer)
10 creatures vanquished.

Grand Total: 293 creatures vanquished

Notes
Turn   | Place    | Note
-------+----------+-------------------------------------------
     0 | D:1      | milkiemew the Demonspawn Gladiator began the quest for the
                  | Orb.
     0 | D:1      | Reached XP level 1. HP: 16/16 MP: 1/1
    94 | D:1      | Gained mutation: You have large cloven feet. [demonic
                  | ancestry]
    94 | D:1      | Reached XP level 2. HP: 22/22 MP: 2/2
   465 | D:1      | Gained mutation: You may rarely emit foul miasma when
                  | damaged in melee. [demonic ancestry]
   465 | D:1      | Reached XP level 3. HP: 25/27 MP: 3/3
   715 | D:2      | HP: 1/27 [gnoll/+0 spear (1)]
   721 | D:2      | Gained mutation: You are partially covered in large bone
                  | plates. (SH +4) [demonic ancestry]
   721 | D:2      | Reached XP level 4. HP: 3/33 MP: 4/4
  1008 | D:2      | Reached skill level 1 in Armour
  1092 | D:2      | Found Wiaroyzo's Armour Boutique.
  1239 | D:2      | Reached skill level 1 in Polearms
  1239 | D:2      | Gained mutation: You are mostly covered in large bone
                  | plates. (SH +6) [demonic ancestry]
  1239 | D:2      | Reached XP level 5. HP: 7/39 MP: 5/5
  1804 | D:3      | Found a runed translucent gate.
  1804 | D:3      | Noticed Radamante's ghost (amateur MfSu)
  1805 | D:3      | Found a runed translucent gate.
  1805 | D:3      | Found a runed translucent gate.
  1856 | D:3      | Reached skill level 2 in Polearms
  2304 | D:3      | HP: 1/40 [orc wizard/+0 dagger of freezing (2)]
  2356 | D:3      | Found a glowing drain.
  2366 | Sewer    | Entered a sewer
  2487 | Sewer    | Reached skill level 3 in Polearms
  2487 | Sewer    | Reached XP level 6. HP: 35/47 MP: 6/6
  3289 | D:3      | Reached XP level 7. HP: 52/52 MP: 7/7
  3302 | D:3      | Killed Radamante's ghost
  3303 | D:3      | Reached skill level 1 in Shields
  3318 | D:3      | Upgraded the game from 0.30-a0-718-geaa24f5 to
                  | 0.30-a0-722-g3e6e8c8
  3606 | D:4      | Reached skill level 4 in Polearms
  3606 | D:4      | Noticed Eustachio
  3641 | D:4      | Killed Eustachio
  3705 | D:4      | Noticed Natasha
  3708 | D:4      | Killed Natasha
  4374 | D:5      | Entered Level 5 of the Dungeon
  4407 | D:5      | Found an ancient bone altar of Kikubaaqudgha.
  4577 | D:5      | Found a staircase to the Ecumenical Temple.
  4581 | D:5      | Gained mutation: You have hoof-like feet. [demonic
                  | ancestry]
  4581 | D:5      | Reached XP level 8. HP: 56/59 MP: 8/8
  4601 | D:5      | Reached skill level 5 in Polearms
  4641 | Temple   | Entered the Ecumenical Temple
  4848 | D:5      | Found Baretun's Weapon Shoppe.
  5689 | D:6      | Reached skill level 6 in Polearms
  5768 | D:6      | Found a shimmering blue altar of Sif Muna.
  5795 | D:6      | Found an iron altar of Okawaru.
  5835 | D:6      | Became a worshipper of Warmaster Okawaru
  6026 | D:6      | Reached skill level 1 in Stealth
  6664 | D:7      | Found a runed translucent gate.
  6664 | D:7      | Found a runed translucent gate.
  6664 | D:7      | Found a runed translucent gate.
  6667 | D:7      | Noticed Radamante's ghost (novice MiFi)
  6843 | D:7      | Reached * piety under Okawaru
  6844 | D:7      | Gained mutation: You regenerate a little health from kills.
                  | [demonic ancestry]
  6844 | D:7      | Reached XP level 9. HP: 19/66 MP: 9/9
  7054 | D:7      | Found a sand-covered staircase.
  7062 | Ossuary  | Entered an ossuary
  7243 | Ossuary  | Reached skill level 7 in Polearms
  7420 | D:7      | Reached skill level 5 in Fighting
  7557 | D:7      | Reached ** piety under Okawaru
  7581 | D:7      | Reached skill level 8 in Polearms
  8226 | D:8      | Upgraded the game from 0.30-a0-722-g3e6e8c8 to
                  | 0.30-a0-723-gc1506a1
  8262 | D:8      | Reached skill level 5 in Dodging
  8438 | D:8      | Found a staircase to the Lair.
  8830 | D:8      | Reached XP level 10. HP: 13/74 MP: 10/10
  9394 | D:9      | Noticed Gastronok
  9423 | D:9      | Killed Gastronok
  9423 | D:9      | Reached *** piety under Okawaru
  9424 | D:9      | Reached skill level 1 in Long Blades
  9424 | D:9      | Reached skill level 9 in Polearms
  9424 | D:9      | Reached skill level 5 in Armour
  9656 | D:9      | Reached **** piety under Okawaru
  9657 | D:9      | Reached skill level 5 in Axes
  9674 | D:9      | Identified the ring "Otef" {rPois rF+ Str+2 Dex+4 Slay+6}
  9804 | D:9      | Found a snail-covered altar of Cheibriados.
  9929 | D:9      | Found a flagged portal.
  9945 | Bailey   | Entered a bailey
 10057 | Bailey   | Killed from afar by an electric eel

Illustrated notes

Levels and vault maps discovered:
D:1:      nzn_arrival_crosshair, layout_basic
D:2:      minmay_inner_zag, layout_loops_ring, serial_shops, shop
D:3:      layout_basic, portal_sewer_entry_d, gammafunk_ghost_split
D:4:      layout_loops_ring, uniq_eustachio, uniq_natasha
D:5:      layout_basic, lemuel_tele_altar, temple_fountains, serial_shops,
          nicolae_shop_waterfront
D:6:      layout_basic, mainiacjoe_overflow_small_starburst,
          overflow_temple_1_default
D:7:      layout_loops_ring, nicolae_ossuary_entry_ruins, gammafunk_ghost_split
D:8:      layout_basic, lair_entry_dummy, hangedman_decor_slide_cut
D:9:      layout_long_grid, mainiacjoe_overflow_catwalk_spiral, enter_bailey_2,
          uniq_gastronok
Temple:   jpeg_temple_clearing
Bailey:   bailey_axe_of_yendor_kennysheep, bailey

Skill      XL: |  1  2  3  4  5  6  7  8  9 10 |
---------------+-------------------------------+-----
Axes           | 3 6 |  6.0
Dodging        | 3 4 5 |  5.1
Armour         | 1 2 3 4 5 |  5.5
Polearms       | 1 3 4 6 8 9 |  9.6
Throwing       | 2 3 |  3.8
Fighting       | 3 4 5 6 |  6.4
Shields        | 1 2 3 |  3.8
Stealth        | 1 2 |  2.4
Long Blades    | 1 |  1.2

Action                     |  1- 3 |  4- 6 |  7- 9 | 10-12 || total
---------------------------+-------+-------+-------+-------++-------
  Melee: War axe           |    69 |     1 |       |       ||    70
         Kick              |    10 |     7 |       |       ||    17
         Halberd           |       |   236 |   437 |    81 ||   754
         Glaive            |       |       |    30 |       ||    30
         Great sword       |       |       |    28 |       ||    28
         Battleaxe         |       |       |       |    74 ||    74
  Throw: Javelin           |     3 |     2 |     1 |       ||     6
         Throwing net      |     3 |     1 |       |       ||     4
         Boomerang         |     8 |    27 |    13 |       ||    48
         Dart              |       |       |    30 |     6 ||    36
 Invoke: Heroism           |       |       |       |     2 ||     2
    Use: Scroll            |       |    12 |    10 |     3 ||    25
         Potion            |       |     4 |     7 |       ||    11
   Stab: Held in net/web   |     1 |       |       |       ||     1
         Sleeping          |       |       |     3 |       ||     3
         Distracted        |       |       |     1 |       ||     1
 Armour: Leather armour    |    38 |       |       |       ||    38
         Ring mail         |    17 |    91 |   171 |       ||   279
         Plate armour      |       |       |    27 |   112 ||   139
  Dodge: Dodged            |    72 |   104 |   248 |    71 ||   495
  Block: Other             |       |    54 |   163 |    57 ||   274

Table legend: (Time is in decaauts)
 A = Elapsed time spent in this place.
 B = Non-inter-level travel time spent in this place.
 C = Inter-level travel time spent in this place.
 D = Time resting spent in this place.
 E = Time spent auto-exploring this place.
 F = Levels seen in this place.
 G = Mean time per level.
                   A        B        C        D        E       F      G
               +--------+--------+--------+--------+--------+-----+--------+
         Total |  10352 |   9926 |    426 |      0 |   6936 |  13 |  796.3 |
       Dungeon |   8931 |   8522 |    409 |      0 |   6140 |   9 |  992.3 |
        Temple |     90 |     73 |     17 |      0 |     59 |   1 |   90.0 |
         Sewer |    882 |    882 |      0 |      0 |    684 |   1 |  882.0 |
       Ossuary |    329 |    329 |      0 |      0 |     52 |   1 |  329.0 |
        Bailey |    117 |    117 |      0 |      0 |      0 |   1 |  117.0 |
               +--------+--------+--------+--------+--------+-----+--------+

Top non-repeatable levels by time:
     D:8: 1291 daAuts
     D:5: 1229 daAuts
     D:7: 1221 daAuts
     D:2: 1072 daAuts
     D:3: 1052 daAuts
     D:6: 898 daAuts
     D:4: 885 daAuts
   Sewer: 882 daAuts
     D:1: 711 daAuts
     D:9: 567 daAuts
 Ossuary: 329 daAuts
  Bailey: 117 daAuts
  Temple: 90 daAuts
